Map: Equilibrium LE

Players

Obscure

  • Race: Zerg Zerg
  • League: Diamond
  • Spawn Location: 11:00

Subwayeatn - Winner!

  • Race: Zerg Zerg
  • League: Platinum
  • Spawn Location: 1:00

VOD

Have the link to the VOD?

Description

Time

  • Played on: Oct. 28, 2023, 6:41 p.m.
  • Length: 3:00
Show
View Real Time Build Order
Export as new Build Order

Obscure Zerg 

Build Orders: Pool First 

Get SALT Encoding   

  12  0:22  Drone, Spawning Pool  
  12  0:26  Drone  
  13  0:30  Drone  
  14  0:39  Overlord  
  14  1:09  Zergling x6  
  14  1:10  Queen  
  19  1:20  Overlord  
  19  1:48  Zergling x4  
  21  1:59  Drone  
  22  2:01  Hatchery  
  21  2:26  Zergling x10  
  26  2:36  Overlord  
Show
View Real Time Build Order
Export as new Build Order

Subwayeatn Zerg - Winner!

Build Orders: Pool First 

Get SALT Encoding   

  12  0:01  Drone  
  13  0:08  Drone  
  13  0:12  Extractor  
  13  0:28  Spawning Pool  
  12  0:57  Hatchery  
  11  1:15  Queen  
  13  1:19  Drone  
  14  1:30  Metabolic Boost  
  14  1:40  Overlord  
  14  1:58  Zergling x6  
  17  2:10  Zergling x4  
  20  2:22  Zergling x2  
  20  2:23  Zergling x6  
  24  2:38  Zergling x4  
Tags
 
Add a new tag
Caveats
  • Supply blocks, unpowered buildings, or Contaminate may cause inaccurate times.
  • Supply counts are checked every 10 seconds.